Unix NetHack Version 5.0.0-0 post-release - last build May 17 2026 04:57:42 (dc50c8380fa5e20985bfe3072449f57b8d9895ef,branch:main).

Game began 2026-05-20 06:44:15, ended 2026-05-20 08:08:20.

ArrBianca, lawful female dwarven Archeologist

                       --------------------------------#
                       |..............................|#
                       |.------|-....----.{..------|-..###
  ---                  |.|...|..|....|**|....|(((|..|..# #        ------------
   .                   |.-...|.{|.)..|.%|....|.!.|..|.|# #####[[)#-..........|
   .                   |.|-------....|.)|....|(.(|....|#          |..........|
   .                   |.|....|......--|-....-|----.|.|#          |.......)..|
   .                   |.|....|.--|-.............-..|.|#          --------.---
                       |.|@_..|i|..||--..{..(.(.....|.|#                  #
                       |.|(...-@|].|..|.---|-....----.|#
                       |.|-----.|..|..|.| ..|.........|#
 --|-----              |.|...|..|------||...|.--.......#######
 |.^.....              |.|...-..|.......|......|.....%|#     ####------------
 |......|              |.|...|..........|...|..|(.....|##########...........|
 |...>..+###           |.-----..----...---.--|--......|#####     |..........|
 --------  ####        |.................(............|)   ######.......<...|
              #####    --------------------------------#         |..........|
                  ######################################         |.........)|
                                                                 ------------

ArrBianca the Field Worker  St:14 Dx:9 Co:15 In:14 Wi:14 Ch:10  Lawful
Dlvl:5  $:2222 HP:0(36) Pw:24(24) AC:5  Xp:5 T:3254  Burdened

Latest messages:
 You see here a whistle.
 The Mordor orc throws a thonged club!
 The thonged club slips as the Mordor orc throws it!
 You see here a candle.
 There is nothing here to pick up.
 You hear someone cursing shoplifters.
 You stop waiting.
 You lash the mountain nymph!
 The mountain nymph stole a tin of werejackal meat.
 The mountain nymph vanishes!
 You stop waiting.
 Are you waiting to get hit?  Use 'm' prefix to force a no-op (to rest).
 You miss the imp.
 The imp hits!
 You miss the imp.
 The imp just misses!
 You lash the imp.
 The imp hits!
 The imp hits!
 "Why search for the Amulet?  Thou wouldst but lose it, cretin."
 You miss the imp.
 The imp hits!
 "Go play leapfrog with a herd of unicorns!"
 You miss the imp.
 The imp hits!
 "Run away!  Live to flee another day!"
 You miss the imp.
 The imp hits!
 The imp hits!
 You miss the imp.
 The imp hits!
 You miss the imp.
 The imp hits!
 You lash the imp!
 The imp just misses!
 "Hast thou been drinking, or art thou always so clumsy?"
 The imp hits!
 You lash the imp.
 The imp hits!
 You miss the imp.
 The imp hits!
 The imp hits!
 You lash the imp.
 The imp hits!
 You die...
 Do you want your possessions identified? [ynq] (y) y
 Do you want to see your attributes? [ynq] (y) y
 Do you want an account of creatures vanquished? [ynaq] (y) a
 Do you want to see your conduct and achievements? [ynq] (y) y
 Do you want to see the dungeon overview? [ynq] (y) y

Inventory:
 Coins    ('$')
  $ - 2222 gold pieces
 Weapons  (')')
  I - a +0 dagger (at the ready)
  a - a +2 bullwhip (weapon in right hand)
 Armor    ('[')
  c - an uncursed +0 fedora (being worn)
  J - an uncursed +0 pair of iron shoes (being worn)
  K - an uncursed +0 dwarvish cloak (being worn)
  N - an uncursed +0 ring mail (being worn)
 Comestibles  ('%')
  d - 8 uncursed food rations
  B - an uncursed partly eaten food ration
  R - an uncursed homemade tin of homunculus meat
  q - an uncursed homemade tin of jackal meat
  l - an uncursed homemade tin of kobold meat
  m - 3 uncursed lichen corpses
 Scrolls  ('?')
  S - 3 uncursed scrolls of blank paper
  y - an uncursed scroll of remove curse
 Spellbooks  ('+')
  v - an uncursed spellbook of invisibility
 Potions  ('!')
  C - an uncursed potion of extra healing
  z - a cursed potion of fruit juice
  n - an uncursed potion of levitation
  A - an uncursed potion of object detection
  o - an uncursed potion of see invisible
 Wands    ('/')
  E - a wand of make invisible (0:4)
 Tools    ('(')
  h - an uncursed sack containing 1 item
  L - a blessed oil lamp
  O - an uncursed tin whistle
  f - a tinning kit (0:86)
 Gems/Stones  ('*')
  g - an uncursed touchstone

Contents of the sack:
  an uncursed spellbook of cause fear

ArrBianca the Archeologist's attributes:

Background:
 You were a Field Worker, a level 5 female dwarven Archeologist.
 You were lawful, on a mission for Quetzalcoatl
 who was opposed by Camaxtli (neutral) and Huhetotl (chaotic).
 You were right-handed.
 You were in the Gnomish Mines, on level 5.
 You entered the dungeon 3254 turns ago.
 You had 218 experience points, 102 more were needed to attain level 6.

Basics:
 You had 0 out of 36 hit points.
 You had all 24 energy points (spell power).
 Your armor class was 5.
 Your wallet contained 2222 zorkmids.
 Autopickup was on for '$?!/="+%' plus thrown, with exceptions.

Final Characteristics:
 Your strength was 14 (limit:18/100).
 Your dexterity was 9 (limit:20).
 Your constitution was 15 (limit:20).
 Your intelligence was 14 (limit:16).
 Your wisdom was 14 (limit:16).
 Your charisma was 10 (limit:16).

Final Status:
 You weren't hungry.
 You were burdened; movement was slightly slowed.
 You were wielding a whip.
 You were skilled in whip.

Final Attributes:
 You were piously aligned.
 Your items were somewhat protected from fire.
 Your items were somewhat protected from cold.
 You had automatic searching.
 You had infravision.
 You were stealthy.
 You were warded.
 Your spell casting was impaired by metallic armor.
 You were lucky.
 You are dead.

Miscellaneous:
 You didn't encounter any bones levels.
 Total elapsed playing time was 28 minutes and 34 seconds.

Major events:
 Turn
    1: ArrBianca the lawful female dwarven Archeologist entered the dungeon
  709: attained the rank of Field Worker (level 3)
  751: entered the Gnomish Mines
 1293: reached Mine Town
 3254: killed by an imp

Spells:
 Name                 Level Category     Fail Retention
 cause fear             3   enchantment  100%  76%-100%

Skills:
 Fighting Skills
   bare handed combat [Unskilled]
   two weapon combat  [Unskilled]
   riding             [Unskilled]
 Weapon Skills
   dagger             [Unskilled]
   knife              [Unskilled]
   pick-axe           [Basic]
   short sword        [Unskilled]
   saber              [Unskilled]
   club               [Unskilled]
   quarterstaff       [Unskilled]
   sling              [Unskilled]
   dart               [Unskilled]
   boomerang          [Unskilled]
   whip               [Skilled]
   unicorn horn       [Unskilled]
 Spellcasting Skills
   attack spells      [Unskilled]
   healing spells     [Unskilled]
   divination spells  [Unskilled]
   matter spells      [Unskilled]

Voluntary challenges:
 Character rerolling was not enabled.
 You never genocided any monsters.
 You never polymorphed an object.
 You never changed form.
 You used no wishes.
Achievements:
 You attained the rank of Field Worker.
 You entered the Gnomish Mines.
 You entered Minetown.
 You entered a temple.
 You entered a shop.

 The Dungeons of Doom: levels 1 to 2
    Level 1:
    Level 2:
       Stairs down to The Gnomish Mines.
 The Gnomish Mines: levels 3 to 5
    Level 3:
    Level 4:
    Level 5: <- You were here.
       Many shops, a temple and an altar, some fountains, a sink.
       Final resting place for
          you, killed by an imp.


Vanquished creatures:
  3 watchmen
  a gnome ruler
  a mountain nymph
  a Mordor orc
  2 rock piercers
  a rock mole
  3 gnome leaders
  2 gnomish wizards
  2 paper golems
  a giant ant
  a floating eye
  2 dwarves
  a homunculus
  a rabid rat
  5 monkeys
  2 orc zombies
  2 dwarf zombies
  a werejackal
  2 coyotes
  2 hobbits
  a hobgoblin
  3 cave spiders
  a yellow mold
 17 gnomes
  2 geckos
 17 jackals
  a kobold
  3 goblins
  3 sewer rats
  a grid bug
  2 bats
  6 lichens
  a kobold zombie
  5 newts
99 creatures vanquished.

No species were genocided or became extinct.

Game over:
                       ----------
                      /          \
                     /    REST    \
                    /      IN      \
                   /     PEACE      \
                  /                  \
                  |    ArrBianca     |
                  |     2222 Au      |
                  | killed by an imp |
                  |                  |
                  |                  |
                  |                  |
                  |       2026       |
                 *|     *  *  *      | *
        _________)/\\_//(\/(/\)/\//\/|_)_______

Goodbye ArrBianca the Archeologist...

You died in The Gnomish Mines on dungeon level 5 with 3072 points,
and 2222 pieces of gold, after 3254 moves.
You were level 5 with a maximum of 36 hit points when you died.

